 Dungeon Crawl Stone Soup version 0.26.1-11-gd32895ea62 (webtiles) character file.

Game seed: 7492037765246051024

492 Almogavar the Slasher (level 6, -1/48 HPs)
             Began as a Demonspawn Fighter on Apr 20, 2021.
             Killed by divine providence
             ... invoked by an orc priest
              (13 damage)
             ... on level 4 of the Dungeon.
             The game lasted 00:08:36 (4463 turns).

Almogavar the Slasher (Demonspawn Fighter)          Turns: 4463, Time: 00:08:36

Health: -1/48      AC:  8    Str: 19    XL:     6   Next: 91%
Magic:  6/6        EV:  8    Int:  9    God:
Gold:   157        SH: 10    Dex: 12    Spells: 5/5 levels left

rFire    . . .     SeeInvis .   a - +1 long sword
rCold    . . .     Faith    .   c - +1 kite shield
rNeg     . . .     Spirit   .   b - +0 scale mail
rPois    .         Reflect  .   (no helmet)
rElec    .         Harm     .   (no cloak)
rCorr    .         Rampage  .   (no gloves)
Will     .....                  o - +0 pair of boots
Stlth    +.........             (no amulet)
HPRegen  0.16/turn              l - ring of stealth
MPRegen  0.10/turn              (no ring)

@: flying
A: talons 1, demonic guardian 1
a: no special abilities


You were on level 4 of the Dungeon.
You visited 1 branch of the dungeon, and saw 4 of its levels.

You collected 157 gold pieces.

Inventory:

Hand Weapons
 a - a +1 long sword (weapon)
 r - a +1 spear of venom
 s - a +1 spear of venom
 t - a +0 hunting sling
Missiles
 f - 71 stones (quivered)
 g - 37 arrows
 i - 24 bolts
 v - 41 sling bullets
 x - 2 boomerangs
 y - 13 poisoned darts
Armour
 b - a +0 scale mail (worn)
 c - a +1 kite shield (worn)
 o - a +0 pair of boots (worn)
Jewellery
 l - a ring of stealth (left hand)
Wands
 w - a wand of paralysis (3)
Scrolls
 h - 4 scrolls of enchant weapon
 j - 2 scrolls of amnesia
 k - a scroll of magic mapping
 m - 2 scrolls of remove curse
 p - 2 scrolls of teleportation
Potions
 d - a potion of might
 n - 2 potions of flight
 q - a potion of haste {unknown}
 u - a potion of lignification {unknown}


   Skills:
 + Level 3.7 Fighting
 + Level 4.3 Long Blades
 + Level 4.2 Armour
 + Level 1.2 Dodging
 + Level 1.0 Stealth
 + Level 3.9 Shields


You had 5 spell levels left.
You didn't know any spells.
Your spell library was empty.

Dungeon Overview and Level Annotations

Branches:
Dungeon (4/15)
 Temple: D:4-7

Altars:
The Shining One

Shops:
D:4 [


Innate Abilities, Weirdness & Mutations

You have sharp toenails.
A weak demonic guardian rushes to your aid.


Message History

You feel sick. You block the orc priest's attack.
The orc priest mumbles some strange prayers to Beogh against you.
Beogh smites you!
* * * LOW HITPOINT WARNING * * *
You feel sick.
You feel yourself speed up.
Your shadow imp hits the worm.
It was a potion of flight.
You feel very buoyant.
You fly up into the air.
Your shadow imp hits the worm but does no damage.
The worm bites your shadow imp!
It was a potion of curing.
You feel better.
Your shadow imp gestures at the worm.
The worm barely resists.
The worm bites your shadow imp but does no damage.
Your shadow imp hits the worm.
The orc priest calls down the wrath of Beogh upon you.
Beogh smites you!
You die...

.#### #### ....### #..#
###....... #..#
##......... #..##
###oo#....... ########
#...###wo##..o.$...
##......# ##..#.5###
#.o..... ........##
###..## .......
.........# ###.@###
..=....
.........####...##
....... .........#....###
....... ..............#
.... ..............#####
..................###
....................###
......................##
.....#.................##


You could see a worm, an orc priest, 2 orcs and a friendly shadow imp
(summoned).

Vanquished Creatures
  An ogre (D:3)
  A hound (D:4)
  Jessica (D:3)
  Natasha (thrice) (D:4)
  6 adders
  An ufetubus (D:2)
  An adder skeleton (D:4)
  5 worms
  3 dart slugs
  3 leopard geckos
  6 orcs
  5 bats
  3 giant cockroaches
  9 goblins
  6 hobgoblins
  A quokka (D:3)
  3 ball pythons
  3 frilled lizards
  11 kobolds
  5 rats
77 creatures vanquished.

Vanquished Creatures (collateral kills)
  An ogre (D:2)
  2 scorpions (D:4)
  A worker ant (D:4)
  An adder (D:4)
  A giant cockroach (D:4)
  A hobgoblin (D:2)
  2 jackals (D:2)
9 creatures vanquished.

Grand Total: 86 creatures vanquished

Notes
Turn   | Place    | Note
-------+----------+-------------------------------------------
     0 | D:1      | Almogavar the Demonspawn Fighter began the quest for the
                  | Orb.
     0 | D:1      | Reached XP level 1. HP: 18/18 MP: 1/1
    98 | D:1      | Gained mutation: A weak demonic guardian rushes to your
                  | aid. [demonic ancestry]
    98 | D:1      | Reached XP level 2. HP: 15/24 MP: 2/2
  1153 | D:2      | Reached XP level 3. HP: 29/29 MP: 3/3
  1970 | D:2      | Noticed an ogre
  1976 | D:2      | Killed an ogre
  1977 | D:2      | Gained mutation: You have sharp toenails. [demonic
                  | ancestry]
  1977 | D:2      | Reached XP level 4. HP: 33/35 MP: 4/4
  1994 | D:2      | Reached XP level 5. HP: 41/41 MP: 5/5
  2752 | D:3      | Noticed Jessica
  2803 | D:3      | Killed Jessica
  3673 | D:3      | Found a glowing golden altar of the Shining One.
  3795 | D:4      | Noticed Natasha
  3795 | D:4      | Noticed an ogre
  3814 | D:3      | Killed an ogre
  3815 | D:3      | Reached skill level 1 in Dodging
  3815 | D:3      | Reached XP level 6. HP: 16/47 MP: 6/6
  4020 | D:4      | Killed Natasha
  4051 | D:4      | Noticed Natasha
  4059 | D:4      | Killed Natasha
  4302 | D:4      | Found Ezapp's Armour Emporium.
  4437 | D:4      | Reached skill level 1 in Stealth
  4447 | D:4      | Noticed Natasha
  4456 | D:4      | Killed Natasha
  4458 | D:4      | HP: 2/48 [poisoned by a worker ant]
  4463 | D:4      | Killed from afar by an orc priest

Illustrated notes

Levels and vault maps discovered:
D:1:      wander_arrival_chamber, layout_basic
D:2:      layout_basic, hangedman_glass_teeth, kennysheep_nub,
          kennysheep_big_empty_room, minmay_vboxes
D:3:      layout_loops_ring, serial_park_tiny_pond,
          nicolae_tso_swordbearing_angel, uniq_jessica
D:4:      layout_cave_pods, serial_shops, shop, grunt_ministairs_10,
          uniq_natasha

Skill      XL: |  1  2  3  4  5  6 |
---------------+-------------------+-----
Long Blades    | 2 3 4 |  4.3
Shields        | 3 |  3.9
Armour         | 3 4 |  4.2
Dodging        | 1 |  1.2
Stealth        | 1 |  1.0
Fighting       | |  3.7

Action                   |  1- 3 |  4- 6 || total
-------------------------+-------+-------++-------
Melee: Long sword        |   111 |   141 ||   252
Throw: Stone             |       |     5 ||     5
  Use: Scroll            |     2 |     4 ||     6
       Potion            |       |     2 ||     2
 Stab: Distracted        |       |     1 ||     1
Armor: Scale mail        |    49 |    44 ||    93
Dodge: Dodged            |    43 |    30 ||    73
Block: Kite shield       |    64 |    73 ||   137
       Rpst.: Long sword |    13 |    12 ||    25
